 Dungeon Crawl Stone Soup version 0.24.0-1-gfbc8707122 (webtiles) character file.

Game seed: 4903159973137997357, levelgen mode: deterministic

1013 Ponchio the Skirmisher (level 8, -13/54 HPs)
             Began as a Gargoyle Fighter on Oct 28, 2019.
             Mangled by a two-headed ogre
             ... wielding a +0 giant club
              (18 damage)
             ... on level 6 of the Dungeon.
             The game lasted 00:12:18 (3704 turns).

Ponchio the Skirmisher (Gargoyle Fighter)           Turns: 3704, Time: 00:12:18

Health: -13/54     AC: 17    Str: 21    XL:     8   Next: 21%
Magic:  8/8        EV:  5    Int:  8    God:
Gold:   307        SH: 10    Dex: 11    Spells: 7/7 levels left

rFire    + . .     SeeInvis .   a - +1 flail
rCold    . . .     Gourm    .   c - +1 shield
rNeg     + . .     Faith    .   i - +2 chain mail {rF+}
rPois    ∞         Spirit   .   g - +0 helmet
rElec    +         Reflect  .   (no cloak)
rCorr    .         Harm     .   (no gloves)
MR       .....                  (no boots)
Stlth    ..........             (no amulet)
HPRegen  0.18/turn              (no ring)
MPRegen  0.11/turn              (no ring)

@: hasted, very quick
A: negative energy resistance 1, electricity resistance, unbreathing,
petrification resistance, rot immunity, AC +5
a: no special abilities


You were on level 6 of the Dungeon.
You were not hungry.

You visited 1 branch of the dungeon, and saw 6 of its levels.

You collected 307 gold pieces.

Inventory:

Hand Weapons
 a - a +1 flail (weapon)
Armour
 c - a +1 shield (worn)
 g - a +0 helmet (worn)
 i - a +2 chain mail of fire resistance (worn)
 p - a +0 ring mail
Scrolls
 b - 3 scrolls of remove curse
 l - a scroll of magic mapping
 o - a scroll of identify
 s - 2 scrolls of teleportation
Potions
 d - a potion of might
 e - 5 potions of curing
 h - 2 potions of lignification {unknown}
 k - 2 potions of berserk rage {unknown}
 m - a potion of haste
 n - a potion of degeneration {unknown}
 q - a potion of invisibility {unknown}
 r - a potion of ambrosia {unknown}
 t - 2 potions of mutation {unknown}
 u - a potion of agility {unknown}
Comestibles
 f - 9 rations


   Skills:
 + Level 7.9 Fighting
 + Level 6.8 Maces & Flails
 - Level 3.2 Armour
 - Level 3.2 Shields


You had 7 spell levels left.
You didn't know any spells.
Your spell library contained the following spells:

 Spells                   Type           Power        Failure   Level  Hunger
 Corona                   Hex            #......      100%        1    ##.....
 Ensorcelled Hibernation  Hex/Ice        #.....       100%        2    ###....
 Confuse                  Hex            #.......     100%        3    ####...
 Dazzling Spray           Conj/Hex       #.....       100%        3    ####...
 Tukima's Dance           Hex            #.......     100%        3    ####...


Dungeon Overview and Level Annotations

Branches:
Dungeon (6/15)
 Temple: D:4-7

Altars:
Ashenzari
Dithmenos
Fedhas
Kikubaaqudgha
Sif Muna


Innate Abilities, Weirdness & Mutations

You are resistant to torment.
Your stone body is resilient. (AC +5)
You are immune to poison.
You resist negative energy. (rN+)
You are resistant to electric shocks. (rElec)
You can survive without breathing.
You are immune to petrification.
You are immune to rotting.


Message History

The two-headed ogre hits you with a +0 giant spiked club!
You feel much better.
The two-headed ogre hits you with a +0 giant club!
The two-headed ogre hits you but does no damage.
Your shield and chain mail prevent you from hitting the two-headed ogre.
The two-headed ogre is heavily wounded.
The two-headed ogre hits you with a +0 giant club!
You block the two-headed ogre's attack.
You hit the two-headed ogre but do no damage.
The two-headed ogre is heavily wounded.
You feel yourself speed up.
The two-headed ogre hits you with a +0 giant club!
* * * LOW HITPOINT WARNING * * *
The two-headed ogre barely misses you.
You sock the two-headed ogre!
The two-headed ogre is severely wounded.
The two-headed ogre hits you with a +0 giant club!
* * * LOW HITPOINT WARNING * * *
The two-headed ogre hits you with a +0 giant spiked club!!
You die...

#.#.# #...# #.#.# ...# ..#.
#####.#.####.... h.#.
#............... h..
#.###.#.#####.#. ..#
##.###.#.#####.# h.#
.......#....##.# ..####.
##.##..#.##.##.#####.......
..>.............@Ohhh.....#
#...........##.#####.####.#
#......#######.#####.#
#......##### #.....#.#
#..........# #.....#.#
#####..>.#.# #.....#.#
###......#.# #.....#.#
.........#.###.#####.#
###......#.#...#


You could see a two-headed ogre and 3 jackals.

Vanquished Creatures
  An ice beast (D:5)
  3 ogres
  A centaur (D:5)
  A howler monkey (D:5)
  A crimson imp (D:5)
  An orc priest (D:4)
  2 hounds (D:4)
  Jessica (D:3)
  2 bullfrog skeletons
  An iguana (D:3)
  2 orc wizards (D:3)
  2 worker ants
  Robin (D:3)
  8 adders
  An adder skeleton (D:4)
  3 worms
  A dart slug (D:2)
  A leopard gecko (D:5)
  20 orcs
  3 bats
  5 giant cockroaches
  15 hobgoblins
  12 jackals
  5 kobolds
  5 quokkas
  3 ball pythons
  3 frilled lizards
  12 goblins
  A leopard gecko skeleton (D:4)
  7 rats
124 creatures vanquished.

Notes
Turn   | Place    | Note
-------+----------+-------------------------------------------
     0 | D:1      | Ponchio the Gargoyle Fighter began the quest for the Orb.
     0 | D:1      | Reached XP level 1. HP: 14/14 MP: 1/1
   120 | D:1      | Reached XP level 2. HP: 19/19 MP: 2/2
   451 | D:1      | Reached XP level 3. HP: 24/24 MP: 3/3
   541 | D:1      | Reached skill level 4 in Fighting
  1174 | D:2      | Reached XP level 4. HP: 22/30 MP: 4/4
  1285 | D:2      | Found an ancient bone altar of Kikubaaqudgha.
  1582 | D:3      | Noticed Jessica
  1602 | D:3      | Killed Jessica
  1602 | D:3      | Reached skill level 5 in Fighting
  1602 | D:3      | Reached XP level 5. HP: 21/35 MP: 5/5
  1729 | D:3      | Found a shadowy altar of Dithmenos.
  1888 | D:3      | Noticed Robin
  1909 | D:3      | Killed Robin
  2103 | D:4      | Noticed an ogre
  2111 | D:4      | Killed an ogre
  2111 | D:4      | Reached XP level 6. HP: 30/41 MP: 6/6
  2266 | D:4      | Reached skill level 6 in Fighting
  2359 | D:4      | Reached skill level 5 in Maces & Flails
  2408 | D:4      | Found a shattered altar of Ashenzari.
  2471 | D:3      | Reached XP level 7. HP: 45/47 MP: 7/7
  2700 | D:4      | Found a shimmering blue altar of Sif Muna.
  2825 | D:5      | Entered Level 5 of the Dungeon
  2857 | D:5      | Reached skill level 7 in Fighting
  3214 | D:5      | Found a blossoming altar of Fedhas.
  3453 | D:6      | Reached XP level 8. HP: 42/53 MP: 8/8
  3687 | D:6      | Noticed a two-headed ogre
  3704 | D:6      | Mangled by a two-headed ogre

Levels and vault maps discovered:
D:1:      shiori_arrival_elements, layout_basic, chequers_jeans,
          chequers_serial_rivers_micro_a
D:2:      layout_loops_ring, marbit_many_paths
D:3:      layout_rooms, overflow_temple_1_default, uniq_robin, uniq_jessica
D:4:      layout_gridville, tgw_sif, ashenzari_altar_1, first_ration
D:5:      layout_cave_pools, fedhas_altar_3
D:6:      layout_basic

Skill      XL: |  1  2  3  4  5  6  7 |
---------------+----------------------+-----
Fighting       | 4 5 6 7 |  7.9
Maces & Flails | 3 4 5 6 |  6.8
Armour         | |  3.2
Shields        | |  3.2

Action                   |  1- 3 |  4- 6 |  7- 9 || total
-------------------------+-------+-------+-------++-------
Melee: Flail             |    97 |   207 |   160 ||   464
  Use: Scroll            |       |     9 |     4 ||    13
       Potion            |       |       |     2 ||     2
  Eat: Chunk             |       |     5 |     5 ||    10
Armor: Scale mail        |    51 |    12 |       ||    63
       Ring mail         |       |    52 |       ||    52
       Chain mail        |       |    36 |   110 ||   146
Dodge: Dodged            |    25 |    62 |    38 ||   125
Block: Shield            |    56 |   123 |   131 ||   310
